Map: [EWC] Site Delta

Players

Reynor

  • Race: Zerg Zerg
  • Spawn Location: 11:00

Clem - Winner!

  • Race: Terran Terran
  • Spawn Location: 5:00

Event: Esports World Cup 2024

VOD

Have the link to the VOD?

Description

Time

  • Played on: Aug. 15, 2024, 9:44 a.m.
  • Length: 17:20

All games in this series

Show
View Real Time Build Order
Export as new Build Order

Reynor Zerg 

Build Orders: Hatch First 

Get SALT Encoding   

  12  0:00  Drone  
  13  0:12  Overlord  
  13  0:17  Drone  
  14  0:30  Drone x2  
  16  0:47  Hatchery  
  15  0:51  Drone  
  15  0:54  Drone  
  17  0:57  Drone  
  18  1:07  Extractor  
  17  1:13  Spawning Pool  
  17  1:15  Drone  
  17  1:19  Drone  
  18  1:27  Drone  
  19  1:38  Drone  
  20  1:48  Overlord  
  20  1:59  Queen  
  20  2:00  Zergling x4, Queen  
  26  2:10  Metabolic Boost  
  26  2:11  Drone x2  
  28  2:21  Drone x2  
  30  2:34  Zergling x4  
  30  2:35  Queen  
  33  2:42  Overlord  
  33  2:43  Queen  
  35  2:54  Overlord  
  35  3:01  Drone x2  
  35  3:05  Zergling x4  
  39  3:08  Drone x2  
  39  3:09  Zergling x2  
  39  3:11  Queen  
  42  3:15  Drone  
  42  3:17  Overlord  
  43  3:25  Drone  
  44  3:27  Queen  
  44  3:28  Drone  
  45  3:36  Drone  
  46  3:42  Drone x2, Hatchery  
  46  3:43  Drone  
  46  3:45  Drone  
  49  3:48  Drone  
  49  3:50  Drone  
  49  3:52  Drone x2  
  53  3:56  Overlord  
  53  3:59  Drone  
  54  4:02  Queen  
  54  4:03  Drone  
  54  4:09  Drone  
  58  4:10  Queen  
  58  4:13  Overlord  
  60  4:20  Drone x3  
  63  4:24  Drone x2  
  63  4:28  Overlord  
  63  4:30  Extractor  
  64  4:32  Drone x2  
  64  4:34  Drone  
  64  4:36  Baneling Nest  
  66  4:38  Drone  
  66  4:40  Queen  
  69  4:46  Drone  
  69  4:49  Drone  
  71  4:55  Drone, Overlord  
  71  4:56  Drone  
  71  4:57  Drone x3  
  78  5:01  Lair  
  78  5:03  Queen  
  78  5:04  Drone  
  78  5:05  Drone  
  78  5:06  Zergling x2  
  81  5:07  Zergling x2  
  81  5:10  Overlord  
  81  5:12  Zergling x2  
  83  5:16  Zergling x2  
  83  5:19  Spore Crawler, Zergling x2  
  84  5:22  Queen  
  84  5:24  Zergling x6  
  84  5:25  Zergling x4  
  84  5:26  Drone  
  92  5:33  Drone  
  93  5:37  Overlord  
  93  5:41  Drone  
  93  5:42  Drone  
  95  5:44  Evolution Chamber x2  
  95  5:46  Hatchery  
  92  5:52  Drone x2  
  92  5:53  Zergling x6  
  92  5:55  Drone  
  92  5:56  Drone x3  
  101  5:59  Overlord  
  101  6:02  Centrifugal Hooks  
  101  6:05  Drone x2  
  101  6:06  Zergling x6, Extractor  
  101  6:07  Zergling x4, Extractor  
  101  6:10  Overlord  
  106  6:12  Zergling x2  
  107  6:20  Zergling x4  
  107  6:22  Zergling x2  
  107  6:25  Baneling x4  
  108  6:27  Zerg Melee Weapons Level 1, Zerg Ground Armor Level 1  
  108  6:28  Zergling x8  
  108  6:32  Drone  
  113  6:35  Zergling x4  
  113  6:36  Zergling x4  
  113  6:38  Zergling x4  
  113  6:39  Zergling x2  
  120  6:40  Hatchery, Drone x2  
  120  6:41  Burrow  
  120  6:43  Baneling x2  
  120  6:44  Baneling  
  120  6:45  Overlord  
  121  6:51  Drone  
  121  6:52  Drone  
  123  6:58  Hatchery  
  123  6:59  Baneling x5  
  123  7:00  Zergling x2  
  123  7:01  Zergling x6  
  125  7:02  Baneling x3  
  125  7:05  Zergling x6  
  127  7:09  Zergling x8  
  127  7:10  Zergling x2  
  130  7:18  Drone x4  
  130  7:20  Drone x2  
  133  7:23  Infestation Pit  
  133  7:26  Overlord  
  133  7:28  Drone x4  
  136  7:31  Zergling x2  
  136  7:32  Zergling x2  
  136  7:40  Zergling x8  
  140  7:44  Baneling x4  
  140  7:45  Baneling x3  
  140  7:46  Zergling x4  
  140  7:47  Zergling x2  
  140  7:49  Zergling x2  
  144  7:52  Overlord  
  144  7:54  Zergling x8  
  144  7:57  Zergling x8  
  151  7:59  Baneling x6  
  151  8:01  Zergling x2  
  151  8:03  Zergling x6  
  151  8:04  Overlord  
  155  8:09  Zergling x6, Hive  
  158  8:15  Zergling x4  
  158  8:17  Baneling x10  
  158  8:18  Zergling x4  
  162  8:21  Overlord  
  162  8:26  Zergling x12  
  162  8:27  Zergling x2  
  159  8:32  Zergling x18  
  150  8:39  Zergling x12  
  150  8:41  Baneling x2  
  154  8:43  Zergling x4  
  154  8:46  Zerg Ground Armor Level 2  
  154  8:47  Drone  
  152  8:48  Drone x3  
  152  8:50  Zergling x2  
  152  8:51  Zergling x4  
  152  8:52  Zergling x6  
  158  8:56  Zergling x4  
  158  8:57  Baneling x9  
  157  9:02  Zergling x2  
  157  9:03  Zergling x6  
  157  9:05  Drone x2  
  157  9:07  Drone x2, Overlord  
  159  9:14  Zergling x6  
  159  9:15  Zergling x4  
  159  9:16  Zergling x2  
  151  9:21  Overseer  
  151  9:22  Zergling x4  
  151  9:23  Zergling x12  
  160  9:24  Zergling x6  
  160  9:27  Baneling x7  
  160  9:28  Zergling x6  
  160  9:31  Drone  
  166  9:36  Zergling x2  
  166  9:37  Baneling x6, Zergling x4  
  166  9:38  Baneling x3  
  163  9:39  Zergling x4  
  163  9:41  Zergling x2  
  149  9:45  Zergling x2  
  149  9:46  Zergling x2  
  149  9:48  Zergling x2  
  149  9:52  Drone x5  
  144  9:53  Drone x5  
  144  9:55  Drone x2  
  144  9:57  Drone x3  
  144  9:58  Zergling x4  
  156  10:01  Baneling x4  
  156  10:02  Baneling x6  
  156  10:05  Overseer  
  156  10:08  Queen, Zergling x12  
  163  10:15  Drone x2  
  163  10:17  Overlord, Extractor  
  163  10:19  Zergling x6  
  166  10:26  Zergling x4  
  166  10:27  Zergling x4  
  163  10:29  Baneling x5  
  163  10:31  Zergling x4  
  163  10:32  Zergling x10  
  163  10:34  Zergling x2, Overseer  
  167  10:37  Drone, Hydralisk Den, Extractor  
  167  10:38  Drone x2  
  167  10:39  Queen  
  167  10:40  Extractor  
  167  10:41  Zergling x4  
  167  10:42  Extractor  
  167  10:47  Zergling x12  
  167  10:49  Baneling x9  
  173  10:51  Zergling x8  
  173  10:56  Pneumatized Carapace  
  177  11:00  Zergling x10  
  177  11:01  Overlord  
  180  11:07  Zergling x4  
  180  11:10  Overlord x4  
  180  11:11  Overseer  
  172  11:20  Overlord  
  172  11:24  Zergling x18  
  179  11:27  Muscular Augments  
  179  11:30  Overseer  
  179  11:34  Zergling x22  
  188  11:40  Zergling x4  
  188  11:42  Baneling x13  
  188  11:43  Zergling x4  
  188  11:45  Zergling x4  
  188  11:46  Queen  
  190  11:48  Zergling x2  
  190  11:52  Zergling x6  
  179  11:54  Adrenal Glands  
  179  11:57  Zergling x4  
  179  11:59  Zergling x10  
  179  12:03  Zergling x16  
  179  12:04  Zergling x2  
  179  12:05  Queen x2  
  179  12:07  Zergling x8  
  187  12:09  Spore Crawler  
  187  12:11  Hydralisk  
  187  12:15  Hydralisk x2  
  185  12:17  Hydralisk x3  
  185  12:22  Zergling x2  
  187  12:25  Hydralisk  
  187  12:29  Zergling x18  
  189  12:33  Hydralisk  
  189  12:34  Zergling x4  
  192  12:37  Zergling x2  
  192  12:40  Hydralisk x2  
  192  12:41  Zergling x4  
  192  12:42  Zergling x2  
  199  12:45  Overlord  
  199  12:52  Overlord  
  199  12:53  Hydralisk x2  
  199  12:54  Zergling x10  
  199  12:56  Hydralisk  
  199  12:57  Zergling x4  
  199  12:58  Hydralisk  
  193  12:59  Hydralisk x4  
  193  13:01  Hydralisk x2  
  193  13:03  Queen  
  190  13:05  Zergling x4  
  190  13:10  Hydralisk x2  
  190  13:11  Zergling x4, Zerg Ground Armor Level 3  
  194  13:17  Hatchery  
  194  13:18  Zerg Melee Weapons Level 2  
  193  13:21  Zergling x12  
  193  13:25  Baneling  
  193  13:26  Baneling x3, Overlord  
  198  13:28  Hydralisk  
  198  13:29  Drone, Zergling x4  
  198  13:32  Hydralisk  
  198  13:33  Zergling x4  
  192  13:34  Zergling x4  
  192  13:38  Hydralisk  
  189  13:43  Zergling x4  
  189  13:44  Zergling x10  
  189  13:45  Drone x2  
  189  13:46  Baneling x2  
  189  13:48  Infestor  
  194  13:51  Zergling x2  
  197  13:56  Hatchery  
  197  13:59  Extractor  
  195  14:03  Grooved Spines  
  195  14:04  Zergling x10  
  195  14:06  Baneling  
  195  14:07  Baneling x7  
  195  14:09  Hatchery  
  199  14:19  Baneling x3  
  199  14:20  Baneling x2  
  193  14:31  Hydralisk  
  193  14:32  Zergling x16  
  193  14:38  Zergling x2, Hydralisk  
  181  14:39  Zergling x18  
  181  14:42  Hydralisk  
  183  14:47  Zergling x4, Hydralisk  
  183  14:48  Hydralisk  
  183  14:49  Zergling x4, Hydralisk  
  191  14:54  Hydralisk  
  191  14:55  Zergling x8  
  191  14:57  Hydralisk  
  191  14:58  Zergling x2  
  191  14:59  Hydralisk  
  193  15:02  Zergling x2  
  188  15:07  Overseer  
  185  15:19  Infestor  
  182  15:22  Hydralisk x3  
  182  15:23  Zergling x4  
  182  15:26  Baneling x8  
  190  15:34  Queen  
  192  15:40  Hatchery  
  189  15:45  Baneling x10  
  189  15:49  Zergling x16  
  189  16:01  Zergling x18  
  171  16:06  Infestor x2  
  171  16:07  Zergling x2  
  172  16:13  Zergling x6  
  172  16:14  Zergling x2  
  172  16:16  Baneling x2  
  173  16:27  Zergling x12  
  168  16:37  Hydralisk  
  168  16:38  Zergling x6, Hydralisk  
  174  16:43  Hydralisk  
  174  16:44  Zergling x4  
  169  16:47  Hydralisk  
  169  16:48  Zergling x10  
  169  16:51  Zergling x4  
  158  16:56  Zergling x4, Hydralisk  
  146  17:01  Zergling x2  
Show
View Real Time Build Order
Export as new Build Order

Clem Terran - Winner!

Build Orders:  

Get SALT Encoding   

  12  0:00  SCV  
  13  0:12  SCV  
  14  0:17  Supply Depot  
  14  0:24  SCV  
  15  0:39  SCV  
  15  0:40  Barracks  
  16  0:42  Refinery  
  16  0:51  SCV  
  17  0:59  Barracks  
  17  1:03  SCV  
  18  1:15  SCV  
  19  1:27  Orbital Command, Reaper  
  19  1:30  Supply Depot  
  20  1:45  Reaper  
  21  1:53  SCV  
  22  2:02  Reaper  
  22  2:07  Command Center  
  23  2:09  SCV  
  23  2:14  Refinery  
  24  2:21  SCV  
  26  2:33  SCV  
  27  2:40  Factory  
  26  2:45  SCV  
  26  2:48  Barracks Reactor  
  27  2:55  Barracks Tech Lab  
  27  2:58  SCV  
  28  3:10  SCV, Command Center  
  29  3:14  Marine  
  30  3:20  Orbital Command  
  30  3:22  Stimpack  
  30  3:24  SCV  
  30  3:25  Marine  
  32  3:36  SCV  
  30  3:41  Starport  
  30  3:42  Factory Reactor  
  30  3:44  Marine  
  30  3:46  SCV  
  30  3:48  SCV  
  33  3:49  Marine  
  33  3:50  Marine  
  35  3:58  SCV  
  35  4:00  SCV  
  37  4:03  Marine  
  37  4:07  Marine  
  37  4:09  Marine  
  40  4:10  SCV  
  40  4:12  SCV  
  42  4:21  Marine  
  42  4:22  Orbital Command, SCV  
  42  4:23  Medivac  
  46  4:24  SCV, Factory Tech Lab  
  46  4:25  Medivac  
  46  4:26  Marine  
  46  4:27  Marine  
  46  4:30  Barracks  
  51  4:34  Supply Depot, SCV  
  51  4:36  SCV  
  53  4:38  Marine  
  53  4:40  Refinery  
  53  4:44  Marine  
  55  4:45  Marine  
  55  4:47  SCV  
  55  4:48  SCV  
  55  4:49  Siege Tank  
  61  4:55  SCV  
  61  4:56  Engineering Bay  
  61  4:59  Engineering Bay  
  62  5:02  Marine  
  62  5:04  Supply Depot  
  62  5:05  Marine x2  
  62  5:06  Combat Shield  
  65  5:11  SCV  
  65  5:13  Supply Depot  
  66  5:14  SCV  
  66  5:17  Orbital Command  
  66  5:18  Starport Reactor  
  67  5:22  Marine, Refinery  
  67  5:23  SCV  
  67  5:25  Marine  
  67  5:26  Marine x2  
  67  5:28  SCV, Marine  
  74  5:29  Terran Infantry Weapons Level 1  
  74  5:35  Supply Depot, SCV  
  74  5:39  Terran Infantry Armor Level 1  
  74  5:40  Marine  
  74  5:41  SCV  
  78  5:42  SCV  
  78  5:43  Marine  
  78  5:48  Marine x2  
  78  5:49  Marine  
  82  5:50  SCV  
  82  5:55  Supply Depot  
  82  5:56  SCV  
  87  5:57  Siege Tank, Barracks  
  87  5:58  SCV  
  87  6:02  Barracks  
  87  6:03  SCV  
  89  6:07  Supply Depot  
  89  6:08  SCV  
  89  6:09  Marine x2  
  92  6:15  Marine  
  92  6:16  Medivac x2  
  92  6:17  SCV  
  97  6:22  Marine x2  
  97  6:23  SCV  
  97  6:24  SCV  
  97  6:25  Supply Depot  
  97  6:26  Marine  
  97  6:27  Marine  
  97  6:29  SCV  
  97  6:31  Siege Tank  
  103  6:33  Marine  
  103  6:35  SCV  
  103  6:36  SCV  
  103  6:39  Supply Depot, Factory  
  106  6:41  Refinery  
  106  6:44  Armory  
  106  6:45  Supply Depot  
  106  6:46  SCV, Marine  
  107  6:49  SCV  
  107  6:51  Barracks Reactor x2  
  107  6:52  SCV  
  110  6:56  Marine  
  110  6:57  Supply Depot  
  110  6:59  SCV, Marine x2  
  110  7:01  SCV  
  115  7:02  Marine  
  115  7:04  SCV, Marine  
  115  7:07  Supply Depot  
  116  7:09  Siege Tank  
  116  7:11  SCV  
  116  7:13  SCV  
  116  7:14  Marine  
  122  7:18  SCV  
  122  7:19  Medivac x2  
  122  7:21  Marine x2  
  122  7:22  Marine  
  116  7:23  SCV  
  116  7:24  Factory Reactor  
  116  7:25  SCV, Marine  
  116  7:28  Marine  
  120  7:31  SCV, Marine  
  120  7:35  Terran Infantry Weapons Level 2  
  120  7:36  Supply Depot  
  122  7:38  Marine x2  
  122  7:39  SCV  
  122  7:40  SCV  
  122  7:42  Marine x2  
  128  7:45  SCV, Widow Mine  
  128  7:47  Terran Infantry Armor Level 2  
  128  7:48  Marine  
  128  7:49  Marine  
  128  7:51  Marine x2  
  133  7:56  Marine  
  136  7:58  Marine  
  136  7:59  Marine  
  136  8:00  Supply Depot, Marine x2, Drilling Claws  
  144  8:05  Widow Mine x2  
  144  8:07  Medivac  
  144  8:11  Widow Mine  
  148  8:15  Command Center  
  148  8:20  Marine x6  
  148  8:21  Marine  
  148  8:25  Marine  
  148  8:26  Supply Depot  
  142  8:36  Medivac  
  142  8:37  Marine, Medivac  
  142  8:38  Marine x3, Widow Mine  
  142  8:40  Widow Mine  
  142  8:42  SCV  
  142  8:43  SCV  
  142  8:46  SCV  
  145  8:53  Widow Mine  
  145  8:55  Marine, Barracks  
  148  8:56  Barracks  
  148  8:57  Marine, Barracks  
  148  8:59  Widow Mine  
  151  9:06  Medivac  
  151  9:07  Marine x6, Widow Mine, Medivac  
  151  9:08  Marine  
  160  9:10  SCV  
  160  9:11  SCV  
  160  9:13  SCV, Marine  
  161  9:17  Marine, Widow Mine  
  162  9:24  Marine x2  
  162  9:25  Marine  
  162  9:27  Widow Mine  
  162  9:30  Supply Depot  
  162  9:31  Supply Depot  
  167  9:37  Marine x2, Widow Mine  
  167  9:38  Marine  
  166  9:41  Marine  
  166  9:42  Marine  
  160  9:49  Marine x2, Widow Mine  
  160  9:50  Marine  
  141  9:54  Planetary Fortress, Widow Mine  
  141  9:56  Marine x2, Marauder  
  141  9:58  Barracks Tech Lab x3, Widow Mine  
  141  9:59  SCV x3  
  149  10:03  Marine  
  149  10:05  Sensor Tower  
  148  10:08  Terran Infantry Weapons Level 3  
  148  10:10  Marine  
  148  10:11  SCV, Marine x2, Widow Mine  
  148  10:12  Marine  
  149  10:15  Marine  
  149  10:17  Terran Infantry Armor Level 3  
  149  10:18  Marauder, Widow Mine  
  149  10:19  Marine  
  156  10:21  Widow Mine  
  156  10:22  Marine x3  
  156  10:26  Marine x2  
  145  10:31  Marine x2  
  145  10:32  Widow Mine  
  145  10:33  Marine  
  145  10:34  Marine x2  
  151  10:37  Marine  
  151  10:39  Marine, Widow Mine  
  151  10:41  Marauder  
  159  10:42  Widow Mine  
  159  10:43  Liberator  
  159  10:44  Marauder  
  159  10:45  Liberator  
  159  10:48  Marine x2  
  169  10:51  Concussive Shells  
  169  10:52  Marine x2  
  169  10:53  Marine x2  
  169  10:54  Widow Mine  
  173  10:57  Marine x3  
  173  10:59  Marauder  
  173  11:01  Widow Mine  
  173  11:03  Marine  
  175  11:07  Marine  
  175  11:08  Marine x2, Widow Mine  
  175  11:10  Marine  
  179  11:12  Sensor Tower  
  179  11:13  Refinery, Command Center  
  179  11:16  Marine, Widow Mine  
  177  11:22  Widow Mine  
  177  11:25  Marine x2  
  181  11:27  Ghost Academy  
  181  11:32  Refinery, Command Center  
  181  11:34  Liberator x2, Starport  
  187  11:40  Widow Mine  
  179  11:48  Marine x2, Widow Mine  
  179  11:50  Marine, Widow Mine  
  167  11:54  Marine x2  
  167  11:56  Marine x2  
  167  11:57  Marine x3  
  167  12:02  Widow Mine  
  160  12:09  Widow Mine  
  160  12:11  Ghost, Widow Mine  
  160  12:12  Ghost  
  168  12:17  Medivac  
  166  12:23  Widow Mine  
  166  12:24  Liberator  
  163  12:30  Cyclone  
  163  12:33  Liberator, Widow Mine  
  163  12:35  Command Center  
  167  12:40  Marine x5  
  167  12:41  Marine x2, Marauder x2  
  177  12:44  Cyclone, Marauder  
  177  12:46  Sensor Tower  
  177  12:47  Liberator  
  177  12:48  Marine x2  
  177  12:50  SCV  
  187  12:54  Widow Mine  
  187  12:58  Marine x4  
  167  12:59  Marine x3  
  167  13:02  Marine  
  167  13:03  Marauder, Widow Mine  
  167  13:05  Marine x2  
  166  13:06  Marine  
  166  13:07  Medivac  
  166  13:12  Planetary Fortress  
  171  13:14  SCV  
  171  13:15  Marine, Widow Mine  
  171  13:17  Widow Mine  
  175  13:21  Marauder  
  175  13:24  Widow Mine  
  175  13:25  Marauder  
  181  13:30  Marauder  
  181  13:34  Marauder  
  175  13:36  Cyclone  
  175  13:38  Widow Mine  
  165  13:43  Marauder  
  165  13:45  Refinery  
  165  13:46  Refinery, Marauder  
  165  13:47  Marine  
  165  13:48  Marine x6  
  170  13:51  Marine, Marauder  
  170  13:55  Marauder  
  177  13:56  Starport Reactor  
  177  13:57  Refinery  
  177  13:59  Orbital Command  
  177  14:03  Widow Mine  
  177  14:04  Orbital Command, Marauder  
  177  14:05  Marine x2  
  177  14:07  Ghost  
  177  14:08  Fusion Core  
  185  14:12  Ghost  
  185  14:15  Ghost  
  189  14:23  Marine, Widow Mine  
  192  14:25  Ghost  
  192  14:29  Marine, Widow Mine  
  192  14:31  Liberator  
  197  14:36  Ghost  
  183  14:38  Widow Mine  
  183  14:40  Ghost  
  183  14:41  Liberator  
  183  14:44  Marine x2, Widow Mine  
  178  14:46  Ghost  
  178  14:47  Marine  
  178  14:50  Widow Mine  
  178  14:52  Marine x3, Medivac  
  182  14:56  Marine x2, Command Center, Marauder  
  176  15:00  Widow Mine  
  176  15:02  Marine x2  
  176  15:04  Marine, Medivac  
  174  15:07  Marine, Widow Mine  
  174  15:09  Marine  
  174  15:10  Marine  
  174  15:13  Marine, Widow Mine  
  174  15:14  Marine, Medivac  
  176  15:18  Marine x2  
  178  15:21  Widow Mine  
  178  15:22  Medivac  
  178  15:25  Command Center, Medivac  
  178  15:26  Marine x3  
  185  15:29  Widow Mine  
  185  15:32  Ghost  
  185  15:34  Medivac  
  191  15:38  Command Center, Widow Mine  
  191  15:40  Marine x2  
  191  15:41  Marine  
  196  15:43  Marine, Widow Mine  
  196  15:47  Ghost  
  196  15:48  Marine x2  
  198  15:50  Widow Mine  
  195  15:59  Widow Mine  
  195  16:01  Ghost  
  195  16:02  Medivac  
  195  16:03  Ghost  
  183  16:04  Marine  
  183  16:06  Marine  
  185  16:13  Marine  
  185  16:14  Widow Mine  
  185  16:19  Medivac  
  185  16:20  Missile Turret, Refinery  
  185  16:21  Refinery  
  185  16:24  Widow Mine  
  189  16:28  Widow Mine  
  188  16:35  Sensor Tower  
  188  16:36  Missile Turret  
  188  16:37  Widow Mine  
  188  16:38  Marine x4, Marauder  
  195  16:45  Ghost  
  180  16:50  Marine, Widow Mine  
  171  16:56  Marine x2  
  171  17:00  Marine  
  171  17:01  Marine  
  163  17:09  Factory Reactor  
Tags
 
Add a new tag
Caveats
  • Supply blocks, unpowered buildings, or Contaminate may cause inaccurate times.
  • Supply counts are checked every 10 seconds.